 Seeded DCSS version 0.28-a0-1613-gdaab1c2f9b (webtiles) character file.

Game seed: 11 (custom seed)

352 knot the Chopper (level 6, -2/47 HPs)
             Began as a Demonspawn Berserker on Jan 22, 2022.
             Was a Priest of Trog.
             Slain by Eustachio (10 damage)
             ... on level 4 of the Dungeon.
             The game lasted 00:03:43 (4424 turns).

knot the Chopper (Demonspawn Berserker)             Turns: 4424, Time: 00:03:44

Health: -2/47      AC:  2    Str: 17    XL:     6   Next: 35%
Magic:  6/6        EV: 12    Int: 11    God:    Trog [***...]
Gold:   147        SH:  0    Dex: 12    Spells: 5/5 levels left

rFire   . . .      SeeInvis .   a - +0 hand axe
rCold   . . .      Faith    .   (no shield)
rNeg    . . .      Spirit   .   b - +0 animal skin
rPois   .          Reflect  .   (no helmet)
rElec   .          Harm     .   (no cloak)
rCorr   .          Rampage  .   (no gloves)
Will    .....                   (no boots)
Stlth   +.........              (no amulet)
HPRegen 0.15/turn               (no ring)
MPRegen 0.10/turn               (no ring)

@: on berserk cooldown, slowed, very slow
A: powered by death 1, sturdy frame 1, weakness stinger 1
a: Renounce Religion, Berserk, Trog's Hand


You were on level 4 of the Dungeon.
You worshipped Trog.
Trog was most pleased with you.
You visited 1 branch of the dungeon, and saw 4 of its levels.
You also visited: Sewer.

You collected 147 gold pieces.

Inventory:

Hand Weapons
 a - a +0 hand axe (weapon)
Missiles
 d - 39 stones (quivered)
 i - 8 boomerangs
 q - 2 atropa-tipped darts
Armour
 b - a +0 animal skin (worn)
Scrolls
 f - 6 scrolls of identify {unknown}
 h - a scroll of enchant weapon {unknown}
 o - a scroll of summoning {unknown}
 p - 2 scrolls of teleportation {unknown}
 t - a scroll of fear {unknown}
Potions
 c - 3 potions of brilliance {unknown}
 e - 3 potions of mutation {unknown}
 g - a potion of attraction {unknown}
 j - 2 potions of lignification {unknown}
 k - a potion of curing {unknown}
 m - 2 potions of magic {unknown}
 n - 2 potions of degeneration {unknown}
 r - 2 potions of cancellation {unknown}
 s - a potion of berserk rage {unknown}
 u - a potion of flight {unknown}
 v - a potion of invisibility {unknown}


   Skills:
 - Level 3.0 Fighting
 + Level 6.6 Axes
 - Level 1.7 Armour
 - Level 1.7 Dodging


You had 5 spell levels left.
You didn't know any spells.
Your spell library contained the following spells:

 Spells                   Type           Power      Damage    Failure   Level
 Blink                    Tloc           0%         N/A       47%         2
 Manifold Assault         Tloc           0%         N/A       100%        5
 Storm Form               Tmut/Air       0%         N/A       100%        7


Dungeon Overview and Level Annotations

Branches:
Dungeon (4/15)              Sewer (visited)
 Temple: D:4-7

Altars:
Ashenzari
Cheibriados
Dithmenos
Elyvilon
Makhleb
Ru
Trog
Vehumet
Yredelemnul

Annotations:
D:4 Eustachio


Innate Abilities, Weirdness & Mutations

You regenerate a little health from kills.
Your movements are slightly less encumbered by armour. (ER -2)
You have a small tail.


Message History

You hit the crimson imp but do no damage.
The quokka bites you. Eustachio hits you with a +0 rapier.
The crimson imp misses you. The quokka closely misses you.
Eustachio gestures wildly while chanting.
The crimson imp disappears for a moment.
The crimson imp closely misses you.
The ufetubus disappears in a puff of smoke!
The white imp disappears in a puff of smoke!
Eustachio hits you but does no damage.
The crimson imp blinks!
The quokka bites you.
You closely miss the crimson imp. You tail-slap the crimson imp.
The crimson imp is moderately wounded.
You hit the quokka.
You kill the quokka!
The quokka's corpse disappears in a puff of smoke!
You closely miss Eustachio. You hit the shadow imp.
You hit the shadow imp but do no damage.
Eustachio closely misses you.
The shadow imp shouts, "Give in, thou artless milk-livered nert!"
The shadow imp misses you. The crimson imp hits you.
The shadow imp barely misses you. Eustachio hits you with a +0 rapier.
The shadow imp hits you. The crimson imp barely misses you.
Eustachio barely misses you. The shadow imp hits you.
The crimson imp blinks!
Eustachio closely misses you.
You closely miss Eustachio.
Eustachio is lightly wounded.
You hit the shadow imp.
You feel the effects of Trog's Hand fading.
Eustachio barely misses you.
The shadow imp shouts, "Slither home, thou pecksniffian spur-galled dingleberry!"
The shadow imp hits you. Eustachio hits you with a +0 rapier.
As you read the scroll labelled VENAXE COAJO, it crumbles to dust.
The scroll dissolves into smoke.
It was a scroll of fog.
The shadow imp hits you. Eustachio hits you with a +0 rapier!
* * * LOW HITPOINT WARNING * * *
Unknown command.
Your skin stops crawling.
You feel less strong-willed. Eustachio hits you with a +0 rapier!
You die...

#.# #.##...... #.##...#?##
#.##...... #.##.....##
#.##...$.. #
#.##....#####.###
#.##§....!.......
###.##§@§§§...#.##
#...##§§@5§#.....#
##########.####§§#55#......[
......†....#######§§#.###.#.
......................# #
################.#..###
#..#..# ....#....
#######.###


You could see Eustachio, a crimson imp (summoned) and a shadow imp (summoned).

Vanquished Creatures
  A phantom (D:4)
  A scorpion (D:4)
  A bullfrog skeleton (D:4)
  4 gnolls (D:4)
  An adder (D:2)
  7 river rats
  A worm (D:2)
  A dart slug (D:3)
  An orc (D:3)
  6 endoplasms
  4 giant cockroaches
  4 goblins
  3 hobgoblins
  4 jackals
  6 kobolds
  2 quokkas
  11 ball pythons
  8 bats
  5 frilled lizards
  16 rats
87 creatures vanquished.

Notes
Turn   | Place    | Note
-------+----------+-------------------------------------------
     0 | D:1      | knot the Demonspawn Berserker began the quest for the Orb.
     0 | D:1      | Reached XP level 1. HP: 18/18 MP: 1/1
    62 | D:1      | Reached skill level 3 in Axes
   147 | D:1      | Gained mutation: You regenerate a little health from kills.
                  | [demonic ancestry]
   147 | D:1      | Reached XP level 2. HP: 21/24 MP: 2/2
   716 | D:1      | Found a faded altar of an unknown god.
   955 | D:2      | Reached ** piety under Trog
   956 | D:2      | Gained mutation: Your movements are slightly less
                  | encumbered by armour. (ER -2) [demonic ancestry]
   956 | D:2      | Reached XP level 3. HP: 29/29 MP: 3/3
  1107 | D:2      | Reached skill level 4 in Axes
  1893 | D:3      | Found a glowing drain.
  1903 | D:3      | Reached XP level 4. HP: 26/35 MP: 4/4
  1908 | Sewer    | Entered a sewer
  2225 | Sewer    | Reached skill level 5 in Axes
  2722 | Sewer    | Reached XP level 5. HP: 33/41 MP: 5/5
  2792 | Sewer    | Reached *** piety under Trog
  3473 | D:3      | Found a shadowy altar of Dithmenos.
  3476 | D:3      | Found a bloodstained altar of Trog.
  3477 | D:3      | Found a basalt altar of Yredelemnul.
  3477 | D:3      | Found a radiant altar of Vehumet.
  3477 | D:3      | Found a burning altar of Makhleb.
  3479 | D:3      | Found a broken altar of Ashenzari.
  3480 | D:3      | Found a snail-covered altar of Cheibriados.
  3482 | D:3      | Found a sacrificial altar of Ru.
  3728 | D:4      | Reached skill level 6 in Axes
  3809 | D:4      | Gained mutation: You have a small tail. [demonic ancestry]
  3809 | D:4      | Reached XP level 6. HP: 47/47 MP: 6/6
  4403 | D:4      | Noticed Eustachio
  4424 | D:4      | Slain by Eustachio

Illustrated notes

Levels and vault maps discovered:
D:1:      minmay_arrival_nine_rooms, layout_rooms, basic_ecumenical_altar
D:2:      layout_basic
D:3:      layout_loops_ring, minitemple, portal_sewer_entry_b,
          lemuel_old_faithful
D:4:      layout_basic, uniq_eustachio

Skill      XL: |  1  2  3  4  5 |
---------------+----------------+-----
Axes           | 3 4 5 6 |  6.6
Fighting       | |  3.0
Armour         | |  1.7
Dodging        | |  1.7

Action                   |  1- 3 |  4- 6 || total
-------------------------+-------+-------++-------
Melee: Hand axe          |   128 |   170 ||   298
       Tailslap          |       |     3 ||     3
Invok: Berserk           |     2 |     6 ||     8
       Trog's Hand       |       |     1 ||     1
  Use: Scroll            |       |     1 ||     1
 Stab: Sleeping          |     2 |     3 ||     5
Armor: Animal skin       |    18 |    16 ||    34
Dodge: Dodged            |   116 |   107 ||   223

Table legend: (Time is in decaauts)
 A = Elapsed time spent in this place.
 B = Non-inter-level travel time spent in this place.
 C = Inter-level travel time spent in this place.
 D = Time resting spent in this place.
 E = Time spent auto-exploring this place.
 F = Levels seen in this place.
 G = Mean time per level.
                   A        B        C        D        E       F      G
               +--------+--------+--------+--------+--------+-----+--------+
         Total |   4563 |   4513 |     50 |   1024 |   2792 |   5 |  912.6 |
       Dungeon |   3451 |   3401 |     50 |    723 |   2223 |   4 |  862.8 |
         Sewer |   1112 |   1112 |      0 |    300 |    568 |   1 | 1112.0 |
               +--------+--------+--------+--------+--------+-----+--------+

Top non-repeatable levels by time:
   Sewer: 1112 daAuts
     D:1: 966 daAuts
     D:2: 936 daAuts
     D:4: 915 daAuts
     D:3: 633 daAuts
